 Dungeon Crawl Stone Soup version 0.31-a0-198-g2ad674f65e (webtiles) character file.

Game seed: 3476050516530223075

77 qw the Shooter (level 4, 0/25 HPs)
             Began as a Deep Elf Hunter on June 25, 2023.
             Succumbed to a goblin's poison
             ... on level 2 of the Dungeon.
             The game lasted 00:00:38 (1389 turns).

qw the Shooter (Deep Elf Hunter)                    Turns: 1389, Time: 00:00:39

Health: 0/25       AC:  6    Str: 16    XL:     4   Next: 13%
Magic:  6/6        EV: 11    Int: 20    God:
Gold:   107        SH:  0    Dex: 18    Spells: 3/3 levels left

rFire   . . .        Y - +0 shortbow
rCold   . . .        (shield currently unavailable)
rNeg    . . .        e - +0 ring mail
rPois   .            (no helmet)
rElec   .            (no cloak)
rCorr   .            i - +0 pair of gloves
SInv    .            (no boots)
Will    .....        (no amulet)
Stlth   +            c - ring "Wiclunt" {Fly Str+6 Int+6}
HPRegen 0.24/turn    (no ring)
MPRegen 0.10/turn

%: no passive effects
@: lethally poisoned (0 -> -22), flying
A: no striking features
a: no special abilities


You were on level 2 of the Dungeon.
You visited 1 branch of the dungeon, and saw 2 of its levels.

You collected 107 gold pieces.


   Skills:
 - Level 1.5 Fighting
 + Level 7.5 Ranged Weapons
 - Level 2.4 Dodging
 - Level 1.2 Stealth


You had 3 spell levels left.
You didn't know any spells.
Your spell library was empty.

Inventory:

Hand Weapons
 Y - a +0 shortbow (weapon)
Armour
 e - a +0 ring mail (worn)
 f - a +0 helmet
 i - a +0 pair of gloves (worn)
 j - a +0 pair of boots
Jewellery
 c - the ring "Wiclunt" (left hand) {Fly Str+6 Int+6}
   (You acquired it on level 1 of the Dungeon)

   [ring of strength]

   Str:       It affects your strength (+6).
   Int:       It affects your intelligence (+6).
   Fly:       It grants you flight.
 h - a ring of magical power
Scrolls
 a - 3 scrolls of identify
 d - a scroll of amnesia {unknown}
Potions
 b - a potion of lignification {unknown}
 g - a potion of curing {unknown}

Dungeon Overview and Level Annotations

Branches:
Dungeon (2/15)

Altars:

Annotations:
D:2 Robin


Message History

A hobgoblin comes into view. x2
You shoot an arrow.
The arrow hits the hobgoblin but does no damage.
You hear a shout!
The hobgoblin closely misses you.
You shoot an arrow. The arrow hits the hobgoblin.
You kill the hobgoblin!
You hear a shout!
A goblin comes into view. It is wielding a +0 dagger. x2
You shoot an arrow. The arrow closely misses the goblin.
You shoot an arrow.
The arrow hits the hobgoblin but does no damage.
Robin of the Strong Arm comes into view.
They are wielding a +0 mace.
You shoot an arrow. The arrow closely misses the hobgoblin.
Robin shouts!
Robin throws the goblin at you! The hobgoblin closely misses you.
The goblin misses you. The goblin barely misses you.
You shoot an arrow. The arrow hits the goblin.
The goblin is moderately wounded.
The hobgoblin closely misses you.
The goblin hits you but does no damage. x2
You are poisoned.
You shoot an arrow. The arrow hits the goblin.
The goblin is severely wounded.
You feel very sick.
Robin roars a battlecry!
The goblins go into a battle-frenzy!
The hobgoblin closely misses you. The goblin closely misses you.
The goblin hits you with a +0 dagger. The goblin closely misses you.
The goblin misses you. The hobgoblin hits you.
You shoot an arrow. The arrow closely misses the goblin.
You feel sick.
The goblin hits you with a +0 dagger of venom.
You are lethally poisoned!
The hobgoblin hits you. The goblin barely misses you.
You shoot an arrow. The arrow barely misses the goblin.
You feel very sick. The hobgoblin closely misses you.
The goblin hits you but does no damage. x2
You are more poisoned.
You shoot an arrow. The arrow barely misses the goblin.
You die... #.# ### #### #.# ...#.. #$# #####.#.###### ..# <.....%....... ##.#######.#.###### ##. gg.)

.. #.#####. .#.#############g# ##
#.......
...............g@#########.(.....
.............#..g................
.........................#.......
..............##########.#.......
...........[.## #.#.......
.............# #.#.......
.####%%#.#.### #.#.######
#.##.#.# ######.#.# ###.##.#..
.......#.######


You could see Robin, a hobgoblin and 3 goblins.

Vanquished Creatures
  An adder (D:2)
  3 worms (D:2)
  7 endoplasms
  3 giant cockroaches
  4 goblins
  3 hobgoblins (D:2)
  4 jackals (D:1)
  3 kobolds (D:1)
  4 quokkas
  4 ball pythons (D:1)
  8 bats
  6 frilled lizards
  4 rats
54 creatures vanquished.

Notes
Turn   | Place    | Note
-------+----------+-------------------------------------------
     0 | D:1      | qw the Deep Elf Hunter began the quest for the Orb.
     0 | D:1      | Reached XP level 1. HP: 12/12 MP: 3/3
     0 | D:1      | 0 ||| qw: Version: 0.3-a-22-g0ed2b0b
     0 | D:1      | 0 ||| qw: Game counter: 5441
     0 | D:1      | 0 ||| qw: Melee chars always use a shield: true
     0 | D:1      | 0 ||| qw: God list: Okawaru
     0 | D:1      | 0 ||| qw: Allow faded altars: false
     0 | D:1      | 0 ||| qw: Do Orc after clearing Dungeon:15 true
     0 | D:1      | 0 ||| qw: Do second Lair branch before Depths: true
     0 | D:1      | 0 ||| qw: Lair rune preference: random
     0 | D:1      | 0 ||| qw: Goals: Normal
     0 | D:1      | 0 ||| PLANNING D:1-11
    59 | D:1      | Reached skill level 6 in Ranged Weapons
    59 | D:1      | Reached XP level 2. HP: 14/16 MP: 4/4
   400 | D:1      | Reached XP level 3. HP: 20/20 MP: 5/5
   730 | D:1      | 730 ||| UPGRADING to +0 ring mail.
   740 | D:1      | 740 ||| DROPPING +0 leather armour.
   741 | D:1      | 741 ||| UPGRADING to +0 pair of gloves.
   746 | D:1      | 746 ||| DROPPING amulet of magic regeneration.
   747 | D:1      | 747 ||| READING 3 scrolls labelled KILLOAVAIC.
   748 | D:1      | 748 ||| READING scroll labelled TUECIOVUDUD.
   749 | D:1      | 749 ||| READING scroll labelled TEHEHANLAA.
   749 | D:1      | Identified a scroll of acquirement
   749 | D:1      | 749 ||| ACQUIRING ring "Wiclunt" {Fly Str+6 Int+6}
   749 | D:1      | Acquired the ring "Wiclunt" {Fly Str+6 Int+6}
   751 | D:1      | 751 ||| UPGRADING to ring "Wiclunt" {Fly Str+6 Int+6}.
   752 | D:1      | 752 ||| READING scroll labelled FIEFEE VUWU.
   756 | D:1      | 756 ||| READING 2 scrolls labelled MAPNEA GAENAKOIN.
   757 | D:1      | 757 ||| DRINKING 2 black potions.
   758 | D:1      | 758 ||| DROPPING scroll of butterflies.
   759 | D:1      | 759 ||| DROPPING potion of brilliance.
   760 | D:1      | 760 ||| DROPPING scroll of noise.
   825 | D:2      | Reached skill level 7 in Ranged Weapons
  1255 | D:2      | Reached XP level 4. HP: 25/25 MP: 6/6
  1383 | D:2      | Noticed Robin
  1388 | D:2      | HP: 6/25 [poisoned by a goblin]
  1389 | D:2      | Succumbed to a goblin's poison

Levels and vault maps discovered:
D:1:      nicolae_arrival_memento_mori, layout_loops_cross,
          chequers_decorated_corner, minmay_octomino_c4
D:2:      layout_basic, minmay_diced_spiral, uniq_robin

Skill      XL: |  1  2  3 |
---------------+----------+-----
Ranged Weapons | 6 7 |  7.5
Fighting       | |  1.5
Dodging        | |  2.4
Stealth        | |  1.2

Action                     |  1- 3 |  4- 6 || total
---------------------------+-------+-------++-------
   Fire: Shortbow          |   113 |    28 ||   141
    Use: Scroll            |     5 |       ||     5
         Potion            |     1 |       ||     1
 Armour: Leather armour    |     7 |       ||     7
         Ring mail         |     8 |     8 ||    16
  Dodge: Dodged            |    20 |    15 ||    35

Table legend:
 A = Non-vault XP
 B = Vault XP
 C = Vault XP percentage of total XP
 D = Non-vault monster count
 E = Vault monster count
 F = Vault count percentage of total count
                 A         B        C        D         E       F
            +---------+---------+-------+---------+---------+-------
      Total |      89 |      21 |  19.1 |      42 |      12 |  22.2
            +---------+---------+-------+---------+---------+-------
        D:1 |      39 |       7 |  15.2 |      24 |       5 |  17.2
        D:2 |      50 |      14 |  21.9 |      18 |       7 |  28.0
            +---------+---------+-------+---------+---------+-------
